 Dungeon Crawl Stone Soup version 0.20.1-1-g8b1a95d (webtiles) character file.

19174 troglodite the Fighter (level 12, -3/141 HPs)
             Began as a Demonspawn Berserker on Nov 30, 2017.
             Was a High Priest of Trog.
             Killed from afar by an orc wizard (5 damage)
             ... with a magic dart
             ... on level 12 of the Dungeon.
             The game lasted 01:00:52 (14442 turns).

troglodite the Fighter (Demonspawn Berserker)      Turns: 14442, Time: 01:00:53

Health: -3/141     AC: 24    Str: 22    XL:     12   Next: 34%
Magic:  12/12      EV: 12    Int: 10    God:    Trog [*****.]
Gold:   733        SH: 12    Dex: 16    Spells: 11/11 levels left

rFire    . . .     SeeInvis .   O - +7 scimitar (elec)
rCold    . . .     Gourm    +   o - +0 shield
rNeg     + + .     Faith    .   p - +3 plate armour of Oblivion {rPois rN++ Str-3 Int+2}
rPois    +         Spirit   .   e - +0 helmet
rElec    .         Reflect  .   (no cloak)
rCorr    +         Harm     .   S - +2 pair of gloves
MR       .....                  (no boots)
Stlth    ..........             j - amulet of the gourmand
Regen    0.4/turn               K - ring of resist corrosion
MPRegen  0.2/turn               J - +3 ring of evasion

@: berserking, slowed
A: talons 1, slimy green scales 2, foul stench 2, nightstalker 2, rot immunity
a: Berserk, Trog's Hand, Brothers in Arms, Burn Spellbooks, Renounce Religion


You were on level 12 of the Dungeon.
You worshipped Trog.
Trog was extremely pleased with you.
You were very full.

You visited 1 branch of the dungeon, and saw 12 of its levels.
You also visited: Sewer and Bailey.

You collected 733 gold pieces.

Inventory:

Hand Weapons
 z - a +1 double sword of flaming
 O - a +7 scimitar of electrocution (weapon)
Armour
 e - a +0 helmet (worn)
 o - a +0 shield (worn)
 p - the +3 plate armour of Oblivion (worn) {rPois rN++ Str-3 Int+2}
   (You found it on level 8 of the Dungeon)

   It affects your strength (-3).
   It affects your intelligence (+2).
   It protects you from poison.
   It greatly protects you from negative energy.
 S - a +2 pair of gloves (worn)
Jewellery
 j - an amulet of the gourmand (around neck)
 J - a +3 ring of evasion (right hand)
 K - a ring of resist corrosion (left hand)
Wands
 a - a wand of lightning (8/15)
 g - a wand of lightning (10/15)
 n - a wand of random effects (29/48)
 w - a wand of flame (24/48)
 D - a wand of digging (8/24)
 E - a wand of random effects (19/48)
 I - a wand of random effects (7/48)
 N - a wand of random effects (13/48)
 P - a wand of digging (16/24)
Scrolls
 q - a scroll of magic mapping
 t - 3 scrolls of fog
 u - 8 scrolls of remove curse
 v - 2 scrolls of teleportation
 L - a scroll of blinking
 Q - a scroll of recharging {unknown}
Potions
 b - 2 potions of ambrosia
 d - 3 potions of heal wounds
 h - 3 potions of lignification {unknown}
 k - 2 potions of might
 l - a potion of agility {unknown}
 m - 7 potions of curing
 r - 2 potions of haste {unknown}
 s - a potion of mutation {unknown}
 A - 5 potions of flight
 C - a potion of brilliance {unknown}
 F - a potion of magic {unknown}
Comestibles
 c - 6 bread rations
 f - 6 royal jellies
 i - 5 chunks of flesh
 B - 31 fruits
 G - 2 meat rations


   Skills:
 * Level 8.6 Fighting
   Level 1.4(5.0) Short Blades
 + Level 7.7(7.8) Long Blades
   Level 5.4 Axes
 * Level 7.8 Armour
 * Level 7.1 Dodging
 * Level 7.4 Stealth
 * Level 8.3 Shields
 + Level 0.1 Unarmed Combat


You had 11 spell levels left.
You didn't know any spells.

Dungeon Overview and Level Annotations

Branches:
Dungeon (12/15)            Temple (0/1) D:4            Lair (0/6) D:11
    Orc: D:9-12

Altars:
Ashenzari
Dithmenos
Kikubaaqudgha
Sif Muna
Uskayaw
The Shining One

Shops:
D:8 [   D:11 }


Innate Abilities, Weirdness & Mutations

You have sharp toenails.
You are mostly covered in slimy green scales. (AC +3)
You frequently emit foul miasma when damaged in melee.
You are significantly more attuned to the shadows.
You are immune to rotting.


Message History

You kill the orc priest!
Trog accepts your kill.
The orc priest invokes the aid of Beogh against you.
You resist with significant effort. You block the orc wizard's attack.
The orc hits your two-headed ogre.
The orc priest mumbles some strange prayers to Beogh against you.
Beogh smites you!
* * * LOW HITPOINT WARNING * * *
The orc closely misses you. The orc hits you but does no damage.
The cyclops barely misses you.
The orc priest calls down the wrath of Beogh upon you.
Beogh smites you!
* * * LOW HITPOINT WARNING * * *
Your two-headed ogre hits the orc priest with a giant club!!
The orc priest dies!
Trog accepts your kill.
The bullfrog releases a deep croak.
The orc wizard points at you and mumbles some strange words.
The magic dart hits you!
You die...

#.............######.###..#######
..........^.............[.#
..............######.###.##
.............## #.# #.#
.##################### ### .##
....)...... ..# ......!...o ..#
....o))...# ..# ...oo@Oo.o. ..#
....oFCo... ..# .[......... ..#
........!.. ..### ###########
.##.# ....# ##### #######.


You could see a cyclops, an orc warrior, a bullfrog, an orc priest, an orc
wizard, 5 orcs and a friendly two-headed ogre (berserk).

Vanquished Creatures
  Kirke (D:12)
  Fannar (D:11)
  Josephine (D:11)
  3 two-headed ogres (D:11)
  A death knight (D:11)
  An ogre mage (D:11)
  3 ugly things
  2 cyclopes
  A gargoyle (D:11)
  A troll (D:12)
  4 hippogriffs
  6 slime creatures
  A shadow (D:12)
  3 yaks (D:9)
  A vampire (D:9)
  3 wraiths (D:11)
  3 vampire mosquitoes (D:11)
  Grum (D:11)
  A hungry ghost (D:9)
  2 water moccasins
  2 insubstantial wisps (D:11)
  Duvessa (D:6)
  A swamp drake (D:11)
  12 orc warriors
  A phantom (D:11)
  6 sky beasts
  4 ice beasts
  The ghost of Rhok the Slasher, an amateur DsGl (D:4)
  5 ogres
  3 wolves (D:11)
  5 centaurs
  5 big kobolds
  A bullfrog (D:6)
  A gnoll sergeant (D:9)
  Dowan (D:6)
  2 scorpions
  6 killer bees (D:9)
  5 wights (D:9)
  2 howler monkeys (D:9)
  An electric eel (D:9)
  5 crimson imps
  2 quasits
  2 bullfrog zombies
  3 jellies
  15 orc wizards
  12 orc priests
  A centaur skeleton (D:7)
  2 hounds
  A bullfrog skeleton (D:7)
  4 iguanas
  5 worker ants
  A hound skeleton (D:6)
  A howler monkey zombie (D:9)
  2 worker ant zombies
  2 howler monkey skeletons
  11 gnolls
  8 adders
  A river rat (Sewer)
  5 shadow imps
  2 oozes (D:2)
  An adder skeleton (D:4)
  An adder zombie (D:7)
  3 worms
  3 dart slugs
  12 leopard geckos
  51 orcs
  7 bats
  5 giant cockroaches
  7 goblins
  3 hobgoblins
  17 jackals
  4 quokkas
  2 ball pythons
  8 frilled lizards
  21 kobolds
  A leopard gecko skeleton (D:6)
  2 quokka skeletons
  9 rats
347 creatures vanquished.

Vanquished Creatures (collateral kills)
  An orc priest (D:12)
  An orc (D:12)
2 creatures vanquished.

Vanquished Creatures (others)
  3 kobolds (D:12)
  A fungus (D:11)
  A plant (D:11)
5 creatures vanquished.

Grand Total: 354 creatures vanquished

Notes
Turn   | Place    | Note
-------+----------+-------------------------------------------
     0 | D:1      | troglodite the Demonspawn Berserker began the quest for the Orb.
     0 | D:1      | Reached XP level 1. HP: 18/18 MP: 1/1
   241 | D:1      | Gained mutation: You are slightly more attuned to the shadows. [demonic ancestry]
   241 | D:1      | Reached XP level 2. HP: 24/24 MP: 2/2
   952 | D:2      | Reached XP level 3. HP: 18/29 MP: 3/3
   972 | D:2      | Reached ** piety under Trog
  1656 | D:2      | Reached skill level 1 in Stealth
  1833 | D:3      | Gained mutation: You are immune to rotting. [demonic ancestry]
  1833 | D:3      | Reached XP level 4. HP: 36/36 MP: 4/4
  2330 | D:3      | Reached skill level 1 in Shields
  2330 | D:3      | Gained mutation: You may emit foul miasma when damaged in melee. [demonic ancestry]
  2330 | D:3      | Reached XP level 5. HP: 42/42 MP: 5/5
  2943 | D:3      | You fall through a shaft for 2 floors!
  2943 | D:5      | Entered Level 5 of the Dungeon
  2969 | D:5      | Found an ancient bone altar of Kikubaaqudgha.
  3024 | D:5      | Noticed a centaur
  3043 | D:5      | Killed a centaur
  3043 | D:5      | Gained mutation: You are partially covered in slimy green scales. (AC +2) [demonic ancestry]
  3043 | D:5      | Reached XP level 6. HP: 31/48 MP: 6/6
  3282 | D:5      | Found a glowing drain.
  3332 | Sewer    | Entered a sewer
  3336 | Sewer    | Reached *** piety under Trog
  3419 | Sewer    | Reached skill level 1 in Short Blades
  3456 | Sewer    | Found a white marble altar of Elyvilon.
  3786 | D:5      | Noticed an orc warrior
  3800 | D:5      | Killed an orc warrior
  3800 | D:5      | Gained mutation: You are significantly more attuned to the shadows. [demonic ancestry]
  3800 | D:5      | Reached XP level 7. HP: 54/54 MP: 7/7
  4544 | D:5      | Reached skill level 1 in Axes
  4807 | D:4      | Found a staircase to the Ecumenical Temple.
  5158 | D:3      | Found a deep blue altar of Sif Muna.
  5294 | D:4      | Reached **** piety under Trog
  5335 | D:4      | Got a faintly glowing ring mail
  5346 | D:4      | Identified the +1 ring mail of Sif Muna's Supremacy {rPois Str+2 Slay+2} (You found it on level 4 of the Dungeon)
  5394 | D:4      | Noticed Rhok's ghost (amateur DsGl)
  5403 | D:4      | Killed Rhok's ghost
  5403 | D:4      | Gained mutation: You have sharp toenails. [demonic ancestry]
  5403 | D:4      | Reached XP level 8. HP: 61/61 MP: 8/8
  6071 | D:6      | Noticed Dowan
  6077 | D:6      | Noticed Duvessa
  6098 | D:6      | Killed Dowan
  6098 | D:6      | Reached skill level 5 in Fighting
  6100 | D:6      | Killed Duvessa
  6541 | D:6      | Found a glowing golden altar of the Shining One.
  7212 | D:7      | Reached XP level 9. HP: 65/68 MP: 9/9
  7498 | D:7      | Reached skill level 5 in Armour
  8021 | D:8      | Got a scorched plate armour
  8032 | D:8      | Identified the +3 plate armour of Oblivion {rPois rN++ Str-3 Int+2} (You found it on level 8 of the Dungeon)
  8037 | D:8      | Found Keppenam's Armour Shoppe.
  8264 | D:8      | Reached skill level 5 in Shields
  8871 | D:9      | Reached skill level 5 in Dodging
  9137 | D:9      | Reached skill level 5 in Stealth
  9238 | D:9      | Gained mutation: You are mostly covered in slimy green scales. (AC +3) [demonic ancestry]
  9238 | D:9      | Reached XP level 10. HP: 24/76 MP: 10/10
  9397 | D:9      | Reached ***** piety under Trog
  9397 | D:9      | Reached skill level 5 in Axes
  9549 | D:9      | Received a gift from Trog
  9650 | D:9      | Found a hide-covered altar of Uskayaw.
  9650 | D:9      | Found a shattered altar of Ashenzari.
 10508 | D:10     | Entered Level 10 of the Dungeon
 10600 | D:10     | Found a flagged portal.
 10608 | Bailey   | Entered a bailey
 10753 | Bailey   | Found a burning altar of Makhleb.
 11983 | D:11     | Noticed a death knight
 11992 | D:11     | Killed a death knight
 12054 | D:11     | Reached skill level 5 in Long Blades
 12054 | D:11     | Gained mutation: You frequently emit foul miasma when damaged in melee. [demonic ancestry]
 12054 | D:11     | Reached XP level 11. HP: 57/83 MP: 11/11
 12249 | D:11     | Noticed Josephine
 12249 | D:11     | Noticed Fannar
 12249 | D:11     | Noticed a cyan ugly thing
 12256 | D:11     | Killed a cyan ugly thing
 12262 | D:11     | Killed Josephine
 12529 | D:11     | Killed Fannar
 12597 | D:11     | Noticed an ogre mage
 12597 | D:11     | Noticed a two-headed ogre
 12597 | D:11     | Noticed a two-headed ogre
 12607 | D:11     | Killed a two-headed ogre
 12613 | D:11     | Killed a two-headed ogre
 12616 | D:11     | Noticed a two-headed ogre
 12621 | D:11     | Killed an ogre mage
 12621 | D:11     | Received a gift from Trog
 12626 | D:11     | Killed a two-headed ogre
 13086 | D:11     | Found Imumub's Gadget Boutique.
 13139 | D:11     | Noticed Grum
 13147 | D:11     | Killed Grum
 13421 | D:11     | Noticed a red ugly thing
 13434 | D:11     | Killed a red ugly thing
 13470 | D:11     | Found a staircase to the Lair.
 13889 | D:11     | Reached XP level 12. HP: 58/92 MP: 12/12
 14307 | D:12     | Found a shadowy altar of Dithmenos.
 14417 | D:12     | Noticed Kirke
 14435 | D:12     | Killed Kirke
 14442 | D:12     | HP: 2/141 [orc priest/divine providence (8)]
 14442 | D:12     | Killed from afar by an orc wizard

Skill      XL: |  1  2  3  4  5  6  7  8  9 10 11 12 |
---------------+-------------------------------------+-----
Dodging        | 2 3 4 5 6 7 |  7.1
Armour         | 2 3 4 5 6 7 |  7.8
Long Blades    | 3 5 7 |  7.7
Stealth        | 1 2 3 4 5 6 7 |  7.4
Shields        | 1 2 3 4 5 7 8 |  8.3
Fighting       | 4 5 6 8 |  8.6
Short Blades   | 1 |  1.4
Axes           | 1 3 4 5 |  5.4
Unarmed Combat | |  0.1

Action                   |  1- 3 |  4- 6 |  7- 9 | 10-12 || total
-------------------------+-------+-------+-------+-------++-------
Melee: Falchion          |   130 |    27 |       |       ||   157
       Dagger            |       |   248 |    12 |       ||   260
       Hand axe          |       |       |   541 |    51 ||   592
       Kick              |       |       |   151 |   144 ||   295
       Scimitar          |       |       |       |   378 ||   378
       Unarmed           |       |       |       |     6 ||     6
Invok: Berserk           |     1 |     4 |     8 |    10 ||    23
       Burn Spellbooks   |       |     1 |       |       ||     1
       Brothers in Arms  |       |       |       |     1 ||     1
  Use: Scroll            |       |       |     9 |    13 ||    22
       Potion            |       |       |       |     4 ||     4
 Stab: Sleeping          |     2 |     6 |    11 |       ||    19
  Eat: Chunk             |    16 |    11 |    36 |    45 ||   108
Armor: Animal skin       |    11 |       |       |       ||    11
       Ring mail         |    39 |    50 |    76 |       ||   165
       Chain mail        |       |    34 |    77 |       ||   111
       Plate armour      |       |       |   103 |   281 ||   384
Dodge: Dodged            |    97 |    70 |   177 |   118 ||   462
Block: Shield            |    33 |    89 |   296 |   252 ||   670
       Rpst.: Falchion   |    27 |     1 |       |       ||    28
       Scimitar          |       |       |       |    27 ||    27
